 Dungeon Crawl Stone Soup version 0.29-a0-555-g3b24f45cc1 (webtiles) character file.

Game seed: 5058045363705332176

961 Hubjo the Changer (level 7, 0/53 HPs)
             Began as a Demonspawn Transmuter on June 7, 2022.
             Slain by a white imp (4 damage)
             ... on level 6 of the Dungeon.
             The game lasted 00:08:27 (3495 turns).

Hubjo the Changer (Demonspawn Transmuter)           Turns: 3495, Time: 00:08:28

Health: 0/53       AC:  6    Str: 11    XL:     7   Next: 92%
Magic:  12/12      EV: 11    Int: 14    God:
Gold:   150        SH:  0    Dex: 15    Spells: 7/12 levels left

rFire   . . .      SeeInvis .     - Unarmed
rCold   . . .      Faith    .   (no shield)
rNeg    . . .      Spirit   .   g - +1 leather armour "Penkus" {Contam Regen+ Slay+2 Stlth+}
rPois   .          Reflect  .   (helmet currently unavailable)
rElec   .          Harm     .   m - scarf {repulsion}
rCorr   .          Rampage  .   (no gloves)
Will    .....                   (boots currently unavailable)
Stlth   +++.......              v - amulet of magic regeneration
HPRegen 0.97/turn               (no ring)
MPRegen 0.53/turn               (no ring)

@: appendages, repel missiles
A: talons 2, horns 1, sharp scales 2
a: End Transformation


You were on level 6 of the Dungeon.
You had temporarily grown beastly talons.
You visited 1 branch of the dungeon, and saw 6 of its levels.

You collected 150 gold pieces.

Inventory:

Armour
 a - a +0 robe
 g - the +1 leather armour "Penkus" (worn) {Contam Regen+ Slay+2 Stlth+}
   (You found it on level 2 of the Dungeon)

   Slay:      It affects your accuracy & damage with ranged weapons and melee
   (+2).
   Contam:    It causes magical contamination when unequipped.
   Regen:     It increases your rate of health regeneration.
   Stlth:     It makes you more stealthy.
 m - a scarf of repulsion (worn)
 o - an orb of light
Jewellery
 v - an amulet of magic regeneration (around neck)
Scrolls
 c - 2 scrolls of noise
 d - a scroll of poison
 e - 5 scrolls of teleportation
 k - 2 scrolls of enchant armour
 r - a scroll of brand weapon {unknown}
 s - a scroll of amnesia {unknown}
 u - a scroll of silence {unknown}
Potions
 b - 2 potions of lignification
 f - 2 potions of curing {unknown}
 h - a potion of degeneration {unknown}
 i - a potion of magic {unknown}
 j - 2 potions of attraction {unknown}
 l - a potion of heal wounds
 n - a potion of cancellation {unknown}
 p - 3 potions of might {unknown}


   Skills:
 + Level 3.7 Fighting
 + Level 2.4 Armour
 - Level 1.7 Dodging
 + Level 3.0 Stealth
 + Level 4.0 Unarmed Combat
 + Level 3.4 Spellcasting
 * Level 4.2 Transmutations
 + Level 2.3 Ice Magic


You had 7 spell levels left.
You knew the following spells:

 Your Spells              Type           Power      Damage    Failure   Level
a - Beastly Appendage     Tmut           28%        N/A       4%          1
b - Ice Form              Ice/Tmut       11%        N/A       56%         4

Your spell library contained the following spells:

 Spells                   Type           Power      Damage    Failure   Level
 Wereblood                Tmut           14%        N/A       7%          2
 Passwall                 Tmut/Erth      6%         N/A       17%         2
 Ensorcelled Hibernation  Hex/Ice        10%        N/A       26%         2
 Spider Form              Tmut/Pois      8%         N/A       34%         3
 Sublimation of Blood     Necr           2%         N/A       38%         2
 Swiftness                Air            2%         N/A       63%         3
 Petrify                  Tmut/Erth      8%         N/A       75%         4
 Airstrike                Air            1%         N/A       95%         4
 Summon Lightning Spire   Summ/Air       2%         N/A       95%         4
 Irradiate                Conj/Tmut      4%         3d14      97%         5
 Iskenderun's Battlesphe  Conj           2%         2d6       100%        5
 Lightning Bolt           Conj/Air       1%         1d12      100%        5
 Iron Shot                Conj/Erth      1%         9d1       100%        6
 Spellforged Servitor     Conj/Summ      1%         N/A       100%        7


Dungeon Overview and Level Annotations

Branches:
Dungeon (6/15)
 Temple: D:4-7

Altars:
Ashenzari
Cheibriados
Kikubaaqudgha
Uskayaw
Yredelemnul

Shops:
D:2 !

Annotations:
D:6 Eustachio


Innate Abilities, Weirdness & Mutations

You have temporarily grown beastly talons.
You have a pair of small horns on your head.
You are mostly covered in razor-sharp scales. (AC +2, Slay +2)


Message History

You barely miss Eustachio. You claw Eustachio.
You headbutt Eustachio, but do no damage.
Eustachio is moderately wounded.
The white imp gestures at you.
The puff of frost is repelled.
The puff of frost hits the quokka.
The quokka dies!
The quokka's corpse disappears in a puff of smoke!
The necrophage hits you. Eustachio hits you with a +0 rapier!
The quokka bites you.
You closely miss Eustachio. Your kick misses Eustachio.
Eustachio is moderately wounded.
An orc comes into view. It is wielding a +0 hand axe.
The necrophage hits you.
Eustachio casts a spell.
Eustachio blinks!
The quokka barely misses you.
The quokka bites you but does no damage.
The white imp gestures at you. The puff of frost hits you.
The necrophage closely misses you.
Eustachio gestures wildly while chanting.
The quokka attacks as you move away! The quokka bites you.
The white imp gestures at you. The puff of frost hits you!
* * * LOW HITPOINT WARNING * * *
You miss Eustachio.
The orc shouts!
Your kick misses Eustachio.
Eustachio is moderately wounded.
The quokka closely misses you. The white imp closely misses you.
The necrophage hits you.
* * * LOW HITPOINT WARNING * * *
Eustachio hits you with a +0 rapier!
* * * LOW HITPOINT WARNING * * *
The quokka bites you.
* * * LOW HITPOINT WARNING * * *
You hit Eustachio. You claw Eustachio.
Eustachio is heavily wounded.
The white imp hits you.
* * * LOW HITPOINT WARNING * * *
The white imp freezes you.
You die...

..###.....#
#.........#
.........#
####..$....#
...........#
...........#
.....rr.n..######
......@@r<......#
......r.5...###.#
........#....#
..........#..#
...o....###..#
........# ....
.......## .###
....... .#


You could see Eustachio, a necrophage, a river rat (summoned), a white imp, an
orc, 2 quokkas and a rat (summoned).

Vanquished Creatures
  A water moccasin (D:5)
  A black bear (D:4)
  A phantom (D:6)
  A necrophage (D:4)
  3 scorpions
  2 hounds (D:4)
  An orc priest (D:4)
  2 iguanas
  4 orc wizards
  10 adders
  4 worms
  18 orcs
  9 endoplasms
  5 giant cockroaches
  9 goblins
  9 hobgoblins
  3 jackals (D:2)
  3 quokkas
  5 ball pythons
  7 bats
  6 kobolds
  5 rats
109 creatures vanquished.

Notes
Turn   | Place    | Note
-------+----------+-------------------------------------------
     0 | D:1      | Hubjo the Demonspawn Transmuter began the quest for the
                  | Orb.
     0 | D:1      | Reached XP level 1. HP: 15/15 MP: 3/3
   483 | D:1      | Gained mutation: You are partially covered in razor-sharp
                  | scales. (AC +1, Slay +1) [demonic ancestry]
   483 | D:1      | Reached XP level 2. HP: 7/21 MP: 1/5
   823 | D:2      | Found Mutu's Distillery.
   940 | D:2      | Identified the +1 leather armour "Penkus" {Contam Regen+
                  | Slay+2 Stlth+}
  1122 | D:2      | Noticed a scorpion
  1128 | D:2      | Reached XP level 3. HP: 24/27 MP: 4/6
  1131 | D:2      | Killed a scorpion
  1132 | D:2      | Reached skill level 1 in Stealth
  1132 | D:2      | Reached XP level 4. HP: 26/34 MP: 5/7
  1140 | D:2      | Learned a level 4 spell: Ice Form
  1438 | D:3      | Found a faded altar of an unknown god.
  1441 | D:3      | Prayed at the altar of an unknown god.
  1441 | D:3      | Became a worshipper of Uskayaw the Reveller
  1441 | D:3      | Reached * piety under Uskayaw
  1465 | D:3      | Reached ** piety under Uskayaw
  1544 | D:3      | Reached *** piety under Uskayaw
  1548 | D:3      | Reached skill level 1 in Armour
  1549 | D:3      | Reached **** piety under Uskayaw
  1613 | D:3      | Found a basalt altar of Yredelemnul.
  1655 | D:3      | Gained mutation: You are mostly covered in razor-sharp
                  | scales. (AC +2, Slay +2) [demonic ancestry]
  1655 | D:3      | Reached XP level 5. HP: 30/39 MP: 8/8
  2188 | D:3      | Reached skill level 1 in Ice Magic
  2453 | D:4      | Found an ancient bone altar of Kikubaaqudgha.
  2468 | D:4      | Mutation became permanent: You have a pair of small horns
                  | on your head. [demonic ancestry]
  2468 | D:4      | Gained mutation: You have a pair of horns on your head.
                  | [demonic ancestry]
  2468 | D:4      | Reached XP level 6. HP: 38/46 MP: 8/10
  2777 | D:4      | Found a hide-covered altar of Uskayaw.
  2876 | D:4      | Reached XP level 7. HP: 51/52 MP: 11/11
  3250 | D:4      | Fell from the grace of Uskayaw
  3268 | D:5      | Entered Level 5 of the Dungeon
  3283 | D:5      | Found a broken altar of Ashenzari.
  3355 | D:5      | Found a snail-covered altar of Cheibriados.
  3409 | D:6      | Noticed Eustachio
  3495 | D:6      | Slain by a white imp

Illustrated notes

Levels and vault maps discovered:
D:1:      psy_arrival_spokes, layout_rooms
D:2:      layout_rooms, serial_shops, shop
D:3:      minmay_diamond_boxcup, layout_basic, mainiacjoe_overflow_tiny_flanked,
          nicolae_ecumenical_pavilion
D:4:      layout_loops_ring, mainiacjoe_overflow_cross_hatched,
          mainiacjoe_overflow_brackets, minmay_bisected
D:5:      minmay_angry_zag, layout_cave_pools, grunt_gozag_breadcrumbs,
          cheibrodos_worm_habitat, mainiacjoe_overflow_concentric_impassable,
          roderic_roman_lattice, sigmund_edmund_badplayer
D:6:      layout_basic, nemelex_spade_bored_becter,
          mainiacjoe_overflow_surrounded_room, portal_sewer_entry_f, uniq_pikel,
          uniq_maggie, uniq_eustachio

Skill      XL: |  1  2  3  4  5  6  7 |
---------------+----------------------+-----
Transmutations | 2 3 4 |  4.2
Fighting       | 2 3 |  3.7
Stealth        | 1 2 3 |  3.0
Unarmed Combat | 3 4 |  4.0
Armour         | 1 2 |  2.4
Ice Magic      | 1 2 |  2.3
Spellcasting   | 3 |  3.4
Dodging        | |  1.7

Action                   |  1- 3 |  4- 6 |  7- 9 || total
-------------------------+-------+-------+-------++-------
Melee: Unarmed           |    64 |   143 |    76 ||   283
       Kick              |    14 |    29 |     9 ||    52
       Headbutt          |     4 |    23 |    16 ||    43
       Punch             |     1 |     5 |       ||     6
 Cast: Beastly Appendage |    14 |    29 |     8 ||    51
Invok: Renounce Religion |       |       |     1 ||     1
  Use: Scroll            |     2 |     1 |     3 ||     6
       Potion            |       |       |     3 ||     3
 Stab: Sleeping          |       |    10 |     2 ||    12
       Paralysed         |       |     2 |     1 ||     3
Armor: Robe              |    16 |       |       ||    16
       Leather armour    |     7 |    52 |    34 ||    93
Dodge: Dodged            |    53 |    64 |    50 ||   167
       Repelled          |       |       |     1 ||     1

Table legend: (Time is in decaauts)
 A = Elapsed time spent in this place.
 B = Non-inter-level travel time spent in this place.
 C = Inter-level travel time spent in this place.
 D = Time resting spent in this place.
 E = Time spent auto-exploring this place.
 F = Levels seen in this place.
 G = Mean time per level.
                   A        B        C        D        E       F      G
               +--------+--------+--------+--------+--------+-----+--------+
         Total |   3489 |   3364 |    125 |      0 |   2444 |   6 |  581.5 |
       Dungeon |   3489 |   3364 |    125 |      0 |   2444 |   6 |  581.5 |
               +--------+--------+--------+--------+--------+-----+--------+

Top non-repeatable levels by time:
     D:3: 947 daAuts
     D:4: 871 daAuts
     D:1: 822 daAuts
     D:2: 612 daAuts
     D:5: 219 daAuts
     D:6: 17 daAuts
